 Dungeon Crawl Stone Soup version 0.17-a0-1572-g7a1422d (webtiles) character file.

90 karlkraus the Skirmisher (level 4, -2/41 HPs)
             Began as a Minotaur Fighter on July 25, 2015.
             Slain by an orc
             ... wielding a +0 short sword
              (5 damage)
             ... on level 2 of the Dungeon.
             The game lasted 00:03:35 (1075 turns).

karlkraus the Skirmisher (Minotaur Fighter)         Turns: 1075, Time: 00:03:35

Health: -2/41      AC:  9    Str: 21    XL:     4   Next: 32%
Magic:  3/3        EV:  6    Int:  5    God:
Gold:   145        SH:  9    Dex: 10    Spells: 0 memorised, 3 levels left

rFire  . . .     SeeInvis .     a - +0 flail
rCold  . . .     Clarity  .     q - +0 chain mail
rNeg   . . .     SustAt   .     c - +0 shield
rPois  .         Gourm    .     (helmet restricted)
rElec  .         Spirit   .     (no cloak)
rCorr  .         Warding  .     (no gloves)
rMut   .         Stasis   .     (no boots)
MR     .....                    (no amulet)
Stlth  ..........               (no ring)
                                (no ring)

@: not resistant to hostile enchantments, extremely unstealthy
A: retaliatory headbutt, horns 2
a: no special abilities


You were on level 2 of the Dungeon.
You were not hungry.

You visited 1 branch of the dungeon, and saw 3 of its levels.

You collected 145 gold pieces.

Inventory:

Hand weapons
 a - a +0 flail (weapon)
Armour
 c - a +0 shield (worn)
 q - a +0 chain mail (worn)
Scrolls
 f - a scroll of fear {unknown}
 g - a scroll of identify {unknown}
 i - a scroll of random uselessness {unknown}
 j - a scroll of recharging {unknown}
 l - a scroll of blinking {unknown}
 o - a scroll of teleportation {unknown}
Potions
 d - 2 potions of might
 k - 2 potions of flight {unknown}
 m - a potion of curing {unknown}
 n - a potion of mutation {unknown}
Comestibles
 e - a bread ration
 h - a meat ration
 p - 2 chunks of flesh


   Skills:
 + Level 4.6 Fighting
 + Level 2.9 Maces & Flails
 + Level 4.3 Armour
 + Level 0.9 Dodging
 + Level 4.4 Shields


You had 3 spell levels left.
You didn't know any spells.

Dungeon Overview and Level Annotations

Branches:
Dungeon (3/15)

Altars:
Gozag
Kikubaaqudgha


Innate Abilities, Weirdness & Mutations

You reflexively headbutt those who attack you in melee.
You have a pair of horns on your head.


Message History

The orc wizard mumbles some strange words.
The orc wizard blinks!
The rat bites you but does no damage. The rat barely misses you.
You sock the rat!
You kill the rat!
You sock the orc!
You kill the orc!
Something unseen opens the door.
The orc wizard casts a spell.
The orc wizard blinks!
The orc hits you but does no damage.
Items here: ) [ †† a falchion; a leather armour; an orc corpse; a rat corpse The orc hits you but does no damage.
You hit the orc but do no damage. You block the orc's attack.
The orc wizard gestures at you while chanting.
The magic dart hits you!
* * * LOW HITPOINT WARNING * * *
The orc hits you with a short sword.
You die...

#..........+...'.................
#.....÷....#...##..#..<..........
...........#...##..#.............
...........######................
........(.(.(.(..................
...........#######...............
...........# #..o(>)...........
......###### #o#####'##########
......# #@)...o.# ......#
######### ....(.# ...((## .....#
.....# .....# .....# .....#


You could see an orc wizard and an orc.

Vanquished Creatures
  2 adders (D:2)
  3 gnolls (D:2)
  2 worms (D:2)
  3 giant geckos
  3 orcs (D:2)
  4 goblins
  2 hobgoblins
  4 kobolds
  A ball python (D:2)
  5 bats
  A giant newt (D:1)
  A quokka (D:2)
  6 rats
37 creatures vanquished.

Notes
Turn   | Place    | Note
--------------------------------------------------------------
     0 | D:1      | karlkraus the Minotaur Fighter began the quest for the Orb.
     0 | D:1      | Reached XP level 1. HP: 19/19 MP: 0/0
   366 | D:1      | Reached XP level 2. HP: 27/27 MP: 1/1
   522 | D:2      | Reached skill level 4 in Armour
   611 | D:2      | Reached XP level 3. HP: 25/33 MP: 2/2
   809 | D:2      | Reached XP level 4. HP: 38/41 MP: 3/3
   888 | D:2      | Found an opulent altar of Gozag.
   893 | D:2      | Found an ancient bone altar of Kikubaaqudgha.
  1075 | D:2      | Slain by an orc

Vault maps used:
D:1:      roderic_octagonal_star
D:2:      minitemple
D:3:      kennysheep_the_goblin_king, uniq_terence

Action                   |  1- 3 |  4- 6 || total
-------------------------+-------+-------++-------
Melee: Flail             |    50 |    20 ||    70
       Mace              |     1 |       ||     1
  Use: Scroll            |     3 |       ||     3
  Eat: Chunk             |       |     1 ||     1
